Map: Lost and Found LE

Players

Namshar - Winner!

  • Race: Zerg Zerg
  • League: Master
  • Spawn Location: 7:00

Harstem

  • Race: Protoss Protoss
  • League: Master
  • Spawn Location: 1:00

Event: HomeStory Cup XVIII

VOD

Have the link to the VOD?

Description

Time

  • Played on: Nov. 22, 2018, 10:13 a.m.
  • Length: 18:14

All games in this series

Show
View Real Time Build Order
Export as new Build Order

Namshar Zerg - Winner!

Build Orders: Hatch First 

Get SALT Encoding   

  12  0:00  Drone  
  13  0:12  Overlord  
  13  0:17  Drone  
  14  0:31  Drone x2  
  16  0:47  Hatchery  
  15  0:51  Drone  
  15  0:54  Drone  
  17  0:57  Drone  
  18  1:08  Extractor  
  17  1:13  Spawning Pool  
  17  1:15  Drone  
  17  1:19  Drone  
  18  1:27  Drone  
  19  1:38  Drone  
  20  1:45  Hatchery  
  19  1:49  Drone  
  20  1:59  Queen  
  22  2:01  Drone  
  22  2:05  Drone  
  24  2:11  Overlord  
  24  2:17  Queen  
  24  2:21  Zergling x2  
  27  2:23  Zergling x2  
  28  2:30  Drone  
  28  2:32  Drone  
  28  2:35  Queen  
  32  2:39  Overlord  
  32  2:42  Drone  
  33  2:44  Drone  
  34  2:53  Drone  
  34  2:56  Queen  
  37  3:02  Drone x2  
  37  3:04  Drone x2  
  41  3:11  Metabolic Boost  
  41  3:12  Drone x2  
  43  3:14  Drone  
  43  3:18  Overlord  
  44  3:21  Drone x2  
  47  3:27  Drone  
  47  3:29  Overlord, Drone  
  47  3:30  Drone  
  49  3:35  Spore Crawler  
  49  3:39  Drone x3  
  51  3:44  Queen  
  51  3:47  Drone x2  
  55  3:49  Overlord  
  55  3:55  Roach Warren  
  54  3:56  Drone  
  54  3:59  Drone, Overlord  
  56  4:04  Drone x2  
  56  4:05  Spore Crawler  
  57  4:11  Drone  
  57  4:12  Drone, Overlord  
  57  4:13  Drone x2  
  61  4:17  Zergling x2  
  61  4:18  Zergling x4  
  61  4:21  Lair  
  64  4:26  Drone x4  
  64  4:28  Extractor  
  64  4:30  Extractor  
  66  4:31  Drone x2  
  66  4:32  Drone x2  
  70  4:39  Overlord  
  70  4:41  Roach x3  
  75  4:46  Roach x2  
  75  4:49  Evolution Chamber  
  75  4:52  Spore Crawler  
  77  4:53  Drone x3  
  77  4:56  Roach  
  77  4:57  Overlord  
  77  4:59  Roach x2  
  86  5:02  Roach  
  86  5:05  Spine Crawler  
  86  5:07  Spine Crawler, Roach  
  88  5:13  Roach  
  90  5:17  Roach x2  
  93  5:23  Roach x2  
  94  5:31  Roach x2, Zergling x4  
  94  5:38  Zergling x2  
  94  5:39  Roach, Zergling x2  
  92  5:47  Roach x3, Zergling x6  
  97  5:54  Zergling x2  
  97  5:59  Zergling x2  
  97  6:02  Queen  
  98  6:06  Overlord x2  
  98  6:07  Overlord  
  92  6:15  Roach x2, Zergling x2  
  93  6:19  Zerg Missile Weapons Level 1, Glial Reconstitution  
  93  6:25  Roach x4  
  95  6:29  Hatchery  
  88  6:34  Roach x2, Zergling x2  
  82  6:41  Zergling x2  
  82  6:42  Roach  
  83  6:49  Roach  
  79  6:56  Roach  
  79  6:57  Roach  
  81  7:03  Roach  
  83  7:09  Roach  
  86  7:15  Drone x3  
  86  7:17  Drone  
  86  7:19  Ravager  
  90  7:25  Drone x2  
  90  7:26  Drone  
  90  7:27  Drone  
  90  7:28  Ravager  
  95  7:33  Hatchery  
  95  7:34  Roach x2  
  98  7:43  Queen, Drone  
  98  7:44  Drone x4  
  105  7:46  Drone  
  106  7:53  Drone x2  
  106  7:55  Drone x2  
  110  8:03  Overlord x3  
  110  8:04  Drone  
  110  8:05  Extractor  
  110  8:08  Drone  
  110  8:12  Drone  
  112  8:14  Drone  
  112  8:16  Zerg Missile Weapons Level 2  
  113  8:27  Drone  
  113  8:28  Roach x7  
  127  8:36  Roach  
  127  8:37  Roach x3  
  127  8:39  Overlord x2  
  135  8:44  Roach  
  137  8:51  Ravager x3  
  137  8:55  Roach x3  
  146  9:00  Extractor  
  146  9:01  Extractor, Overlord  
  146  9:02  Overlord  
  144  9:03  Drone  
  144  9:04  Drone x3  
  144  9:05  Drone x2  
  144  9:06  Ravager  
  144  9:09  Roach x3  
  157  9:15  Roach, Zergling x2  
  160  9:17  Ravager  
  160  9:21  Zergling x2  
  160  9:22  Roach, Zergling x6  
  167  9:26  Ravager  
  167  9:27  Overlord, Zergling x2  
  167  9:28  Zergling x2  
  167  9:38  Roach x3, Zergling x8  
  147  9:39  Roach  
  147  9:41  Roach, Zergling x2  
  147  9:45  Roach, Zergling x2  
  149  9:51  Roach x3  
  115  10:08  Drone x4  
  115  10:10  Drone x7  
  123  10:15  Ravager x2  
  123  10:16  Ravager x2  
  123  10:19  Ravager  
  128  10:25  Drone x3  
  128  10:27  Ravager  
  128  10:28  Ravager  
  133  10:32  Roach x4  
  141  10:38  Ravager x3  
  141  10:39  Ravager  
  145  10:43  Roach x3  
  147  10:52  Roach x5  
  154  11:08  Roach x7  
  153  11:19  Roach  
  153  11:20  Roach x7  
  162  11:27  Roach x4  
  162  11:29  Ravager  
  166  11:46  Roach x8  
  172  11:55  Roach  
  172  11:56  Roach x2  
  178  12:06  Roach x8  
  188  12:12  Ravager  
  188  12:14  Ravager  
  190  12:17  Overlord x3  
  174  12:40  Roach x11  
  191  12:58  Roach x4  
  187  13:15  Roach x7  
  170  13:27  Roach  
  170  13:28  Roach x6  
  176  13:54  Drone x4  
  176  13:55  Drone  
  179  13:56  Drone x4  
  179  13:57  Drone x2  
  179  13:59  Extractor x2, Drone  
  179  14:00  Zerg Ground Armor Level 1  
  179  14:01  Spire, Drone x2  
  179  14:02  Drone x4  
  189  14:06  Ravager x4  
  189  14:07  Ravager  
  189  14:09  Roach  
  200  14:10  Roach x2  
  200  14:17  Hatchery  
  200  14:22  Ravager x4  
  191  14:33  Spore Crawler  
  191  14:37  Zergling x12  
  191  14:38  Zergling x14  
  190  15:02  Drone x3  
  190  15:03  Drone, Spine Crawler x2  
  190  15:04  Spine Crawler  
  190  15:05  Spine Crawler x2  
  189  15:07  Spine Crawler  
  189  15:08  Spine Crawler  
  189  15:09  Extractor  
  189  15:10  Extractor  
  144  15:28  Mutalisk x11  
  128  15:34  Mutalisk x2  
  154  15:38  Drone  
  154  15:39  Drone x2  
  154  15:42  Drone x2  
  159  15:43  Drone  
  160  15:50  Drone x3  
  160  15:53  Mutalisk x2  
  165  16:00  Mutalisk x3  
  171  16:07  Mutalisk x2  
  172  16:16  Mutalisk x3  
  173  16:24  Roach  
  173  16:25  Roach x3  
  113  17:12  Mutalisk x9  
  109  17:26  Mutalisk  
  109  17:27  Mutalisk x2  
  115  17:53  Hydralisk Den  
  114  18:05  Hatchery  
Show
View Real Time Build Order
Export as new Build Order

Harstem Protoss 

Build Orders: 1 Gate Expand, Phoenix Opening, Chargelot Immortal, Mass Adepts 

Get SALT Encoding   

  12  0:01  Probe  
  13  0:13  Probe  
  14  0:17  Pylon  
  14  0:24  Probe  
  14  0:27  Assimilator  
  15  0:33  Probe  
  16  0:42  Probe  
  16  0:43  Gateway  
  17  0:54  Probe  
  18  1:06  Probe  
  19  1:18  Probe  
  20  1:23  Nexus  
  20  1:33  Cybernetics Core  
  20  1:35  Probe  
  21  1:41  Assimilator  
  21  1:47  Probe  
  21  1:52  Pylon  
  22  1:59  Probe  
  23  2:01  Adept  
  23  2:09  Warp Gate  
  23  2:11  Probe  
  26  2:21  Probe  
  26  2:23  Stargate  
  26  2:28  Adept  
  26  2:29  Probe  
  29  2:31  Probe  
  31  2:38  Probe  
  31  2:39  Probe  
  33  2:46  Assimilator  
  33  2:49  Probe  
  33  2:50  Probe  
  35  3:01  Probe  
  35  3:02  Probe  
  37  3:06  Phoenix  
  39  3:13  Probe  
  39  3:14  Probe  
  39  3:15  Twilight Council  
  41  3:21  Gateway  
  41  3:22  Gateway  
  43  3:33  Robotics Facility  
  42  3:35  Gateway  
  42  3:36  Resonating Glaives, Probe  
  43  3:45  Gateway  
  43  3:49  Pylon, Probe  
  43  3:53  Probe  
  44  4:00  Pylon  
  44  4:01  Probe  
  45  4:09  Warp Prism  
  45  4:14  Adept  
  45  4:16  Adept x2  
  45  4:17  Pylon  
  51  4:23  Pylon  
  53  4:30  Adept  
  55  4:36  Adept  
  55  4:37  Adept x2  
  61  4:42  Adept  
  63  4:50  Adept  
  65  4:53  Pylon  
  65  4:54  Pylon  
  65  5:05  Adept x4  
  73  5:09  Pylon  
  73  5:11  Adept  
  75  5:34  Adept x3  
  79  5:37  Adept  
  75  5:47  Nexus  
  75  5:49  Adept  
  77  5:51  Probe x2  
  77  5:54  Adept x2  
  77  5:55  Adept  
  85  6:03  Adept  
  87  6:10  Adept  
  85  6:19  Immortal  
  85  6:20  Adept x2  
  79  6:34  Adept x3  
  79  6:38  Probe  
  79  6:39  Probe  
  79  6:46  Forge, Adept  
  75  6:47  Void Ray  
  75  6:50  Probe  
  75  6:51  Probe  
  61  7:02  Probe  
  61  7:03  Sentry, Adept  
  61  7:08  Sentry, Adept  
  72  7:10  Probe  
  72  7:12  Shield Battery, Immortal  
  72  7:14  Shield Battery  
  80  7:25  Zealot  
  80  7:27  Adept  
  80  7:28  Adept  
  85  7:31  Probe  
  85  7:32  Probe  
  85  7:33  Probe  
  88  7:40  Probe  
  88  7:41  Probe x2  
  89  7:46  Protoss Ground Weapons Level 1  
  89  7:48  Probe  
  89  7:49  Pylon, Probe x2  
  89  7:50  Assimilator  
  91  7:57  Probe  
  94  7:58  Probe  
  94  7:59  Charge  
  94  8:00  Assimilator, Probe  
  97  8:07  Immortal  
  97  8:09  Probe  
  97  8:10  Probe  
  100  8:12  Zealot  
  100  8:13  Zealot  
  100  8:18  Photon Cannon  
  104  8:20  Pylon, Assimilator  
  107  8:27  Probe  
  107  8:29  Templar Archives  
  107  8:30  Probe  
  107  8:31  Pylon  
  107  8:32  Pylon  
  107  8:34  Adept  
  111  8:35  Probe, Immortal  
  116  8:52  Zealot x3, Sentry  
  124  8:56  Zealot  
  124  9:02  Photon Cannon  
  126  9:06  Gateway  
  126  9:08  Gateway, Observer  
  127  9:22  High Templar x2, Zealot x3  
  135  9:25  Immortal  
  135  9:28  Archon  
  116  9:45  Zealot x3  
  110  9:46  Probe  
  109  9:53  Probe  
  109  9:54  Immortal  
  109  9:57  Adept x2  
  114  10:04  Psionic Storm  
  114  10:06  Zealot x4  
  114  10:07  Zealot  
  110  10:16  High Templar x2  
  110  10:17  Zealot x5  
  110  10:20  Pylon  
  124  10:33  Probe  
  125  10:37  Gateway, Photon Cannon  
  125  10:39  Gateway  
  125  10:40  High Templar  
  126  10:43  High Templar x2  
  126  10:44  High Templar  
  126  10:46  Photon Cannon  
  126  10:48  Photon Cannon  
  126  10:49  Zealot x3  
  138  10:50  Nexus  
  135  11:10  Zealot x3  
  130  11:13  Zealot  
  130  11:14  Immortal  
  130  11:17  Zealot x3  
  123  11:21  Probe  
  123  11:22  Probe  
  123  11:23  Probe  
  118  11:30  Gateway  
  116  11:34  Zealot x6  
  116  11:36  Pylon  
  128  11:41  High Templar  
  128  11:42  High Templar  
  128  11:43  Immortal  
  130  11:47  Archon  
  130  11:49  Zealot  
  128  11:55  Zealot x6  
  126  12:11  Probe  
  126  12:13  Forge  
  126  12:15  High Templar x4  
  133  12:16  High Templar x2  
  133  12:20  Gateway, Archon  
  133  12:21  Archon  
  139  12:23  Probe  
  139  12:24  Zealot x3  
  139  12:29  Protoss Ground Weapons Level 2, Immortal  
  144  12:30  Archon  
  130  12:37  Zealot  
  136  12:52  Zealot  
  136  12:53  Zealot x4  
  136  12:55  Probe  
  139  13:10  High Templar x4  
  139  13:11  Zealot  
  139  13:12  Probe  
  150  13:14  Pylon  
  150  13:15  Archon  
  150  13:16  Archon  
  150  13:19  Zealot x2  
  142  13:20  Zealot x3  
  128  13:28  Zealot  
  128  13:30  Immortal  
  134  13:35  Dark Shrine  
  130  13:41  Oracle, Sentry x3  
  126  13:54  High Templar  
  131  14:01  Zealot  
  131  14:02  Zealot, Photon Cannon  
  135  14:04  Photon Cannon  
  133  14:21  Immortal  
  126  14:24  Zealot  
  126  14:25  Zealot x7  
  142  14:46  Archon  
  142  14:51  Zealot x5  
  144  14:59  Warp Prism  
  142  15:07  High Templar x3  
  142  15:08  High Templar  
  142  15:09  High Templar x2  
  142  15:13  Archon  
  142  15:14  Archon x2  
  131  15:24  Zealot x5  
  131  15:26  Immortal  
  141  15:45  Dark Templar x2  
  145  16:10  Zealot x5  
  155  16:17  Phoenix  
  147  16:32  Archon  
  136  16:39  Phoenix, High Templar x3  
  127  16:43  Archon  
  127  16:44  High Templar x2  
  129  16:48  Archon  
  123  16:56  Archon  
  100  17:05  Phoenix  
  79  17:36  Probe  
  75  17:38  Probe x2  
  70  17:44  Probe  
  64  18:01  Probe  
Tags
 
Add a new tag
Caveats
  • Supply blocks, unpowered buildings, or Contaminate may cause inaccurate times.
  • Supply counts are checked every 10 seconds.